AoeStats
← afcuellarj

Arabia

510780324Analyzed
1v1 RM · 19h ago on Oct 2, 2026· 46m 4s· 2 players
Game mode
Random Map
Map size
Tiny (2 player)
Population
200
Speed
Normal
Resources
Standard
Victory
Conquest
Starting age
Dark Age
Ending age
Imperial Age
RankedLock teamsTeams togetherTeam positionsShared explorationLock speedFull tech treeHidden civsTurbo modeCheats
Victory
Defeat
🇦🇷 Tatars · Argentina
872
+16
🇵🇪 Mongols · Peru
873
-16
afcuellarj
7:36 Loom
7:42 Loom
11:01 Feudal Age
14:06 Double-Bit Axe
16:42 Scale Barding Armor
19:04 Fletching
21:06 Bloodlines
27:36 Castle Age
26:31 Padded Archer Armor
28:58 Elite Skirmisher
29:44 Bodkin Arrow
30:05 Leather Archer Armor
30:55 Ballistics
38:02 Husbandry
39:15 Light Cavalry
43:57 Forging
47:24 Imperial Age
Nacho
8:34 Loom
10:19 Feudal Age
14:26 Padded Archer Armor
14:19 Fletching
19:01 Double-Bit Axe
23:27 Castle Age
23:44 Forging
23:40 Scale Barding Armor
23:35 Gold Mining
23:38 Stone Mining
23:33 Horse Collar
23:56 Crossbowman
27:15 Bloodlines
27:50 Bodkin Arrow
30:04 Thumb Ring
30:41 Leather Archer Armor
33:09 Husbandry
33:24 Light Cavalry
34:43 Iron Casting
34:36 Elite Skirmisher
43:27 Ballistics
Connection lost

Rejoining the realm…

Still unreachable

The connection could not be restored.

Session expired

The server has moved on; the page needs a fresh start.